 Dungeon Crawl Stone Soup version 0.25-a0-1079-g858b6a6ff6 (webtiles) character file.

Game seed: 4197574293472023997, levelgen mode: deterministic

353 tilp the Skirmisher (level 6, 0/39 HPs)
             Began as a Kobold Arcane Marksman on May 14, 2020.
             Slain by Grinder (6 damage)
             ... on level 4 of the Dungeon on May 15, 2020.
             The game lasted 00:16:00 (5975 turns).

tilp the Skirmisher (Kobold Arcane Marksman)        Turns: 5975, Time: 00:16:01

Health: 0/39       AC:  4    Str:  7 (9)  XL:     6   Next: 94%
Magic:  8/8        EV: 14    Int: 13 (14) God:
Gold:   182        SH:  0    Dex: 15 (18) Spells: 4/7 levels left

rFire    . . .     SeeInvis .   b - +2 hand axe (venom)
rCold    . . .     Gourm    .   (shield restricted)
rNeg     . . .     Faith    .   t - +0 leather armour
rPois    .         Spirit   .   x - +0 helmet
rElec    .         Reflect  .   (no cloak)
rCorr    .         Harm     .   (no gloves)
MR       .....                  (no boots)
Stlth    +.........             (no amulet)
HPRegen  0.13/turn              (no ring)
MPRegen  0.11/turn              (no ring)

@: brilliant, stab
A: small, agile 1, carnivore, high mp 1
a: no special abilities


You were on level 4 of the Dungeon.
You were very full.

You visited 1 branch of the dungeon, and saw 4 of its levels.

You collected 182 gold pieces.

Inventory:

Hand Weapons
 a - a +0 hand crossbow
 b - a +2 hand axe of venom (weapon)
 A - a +1 dagger of venom
Missiles
 d - 32 bolts
 s - 13 boomerangs (quivered)
Armour
 t - a +0 leather armour (worn)
 x - a +0 helmet (worn)
 y - a +0 buckler
Wands
 z - a wand of random effects (17)
Scrolls
 c - a scroll of amnesia {unknown}
 e - a scroll of enchant weapon {unknown}
 h - a scroll of random uselessness {unknown}
 j - a scroll of enchant armour {unknown}
 k - a scroll of teleportation
 o - 2 scrolls of identify {unknown}
 r - a scroll of blinking {unknown}
 u - a scroll of remove curse
 w - a scroll of fog {unknown}
 B - a scroll of magic mapping {unknown}
Potions
 g - a potion of stabbing
 m - a potion of brilliance
 p - 3 potions of mutation
 v - a potion of haste {unknown}
Comestibles
 f - 4 rations


   Skills:
 - Level 4.6 Fighting
 - Level 2.4 Crossbows
 - Level 2.4 Dodging
 - Level 4.0 Shields
 + Level 1.1 Spellcasting
 + Level 3.0 Hexes


You had 4 spell levels left.
You knew the following spells:

 Your Spells              Type           Power        Failure   Level  Hunger
a - Corona                Hex            ##.....      12%         1    None
b - Slow                  Hex            ##......     19%         2    None

Your spell library contained the following spells:

 Spells                   Type           Power        Failure   Level  Hunger
 Inner Flame              Hex/Fire       #.......     56%         3    None
 Portal Projectile        Hex/Tloc       #.....       56%         3    None
 Cause Fear               Hex            ##........   77%         4    None
 Leda's Liquefaction      Hex/Erth       #.........   92%         4    None


Dungeon Overview and Level Annotations

Branches:
Dungeon (4/15)
 Temple: D:4-7

Altars:
Gozag
Nemelex Xobeh

Annotations:
D:4 1 runed translucent door, Crazy Yiuf, Grinder, Ijyb


Innate Abilities, Weirdness & Mutations

You are small and have problems with some larger weapons.
You are carnivorous and can eat meat at any time.
You are agile. (Dex +2)
You have an increased reservoir of magic. (+10% MP)


Message History

Grinder is severely wounded.
Grinder hits you but does no damage.
You hit Grinder but do no damage.
Grinder looks even sicker.
Grinder is severely wounded.
Grinder gestures at you.
You suddenly lose the ability to move!
Grinder hits you but does no damage.
Grinder blinks!
You can move again.
You closely miss Grinder.
Grinder is severely wounded.
You feel less wooden.
Your +0 helmet unmelds from your body.
Your +0 leather armour unmelds from your body.
Grinder gestures at you. Pain shoots through your body!
* * * LOW HITPOINT WARNING * * *
Grinder hits you!
* * * LOW HITPOINT WARNING * * *
You writhe in agony.
You die...

#......# #.####.#
##.......
##########.....#..
#((.....5...##.#..
#(#########....... #.#
#.###... #.# #.###...
#@# #....... #5#
########.## #.#
#........## ####.####
#.......... #.......#
#........## #.......#
#..........
##.......###.......###
#.........##.......###
##.......###..........


You could see Grinder (poisoned).

Vanquished Creatures
  2 howler monkeys (D:4)
  2 hounds (D:4)
  An orc priest (D:3)
  A worker ant (D:4)
  5 adders
  2 adder skeletons
  2 worms (D:3)
  9 orcs
  2 ball pythons (D:2)
  10 bats
  7 giant cockroaches
  7 goblins
  11 hobgoblins
  14 jackals
  7 frilled lizards
  7 kobolds
  6 rats (D:1)
95 creatures vanquished.

Notes
Turn   | Place    | Note
-------+----------+-------------------------------------------
     0 | D:1      | tilp the Kobold Arcane Marksman began the quest for the
                  | Orb.
     0 | D:1      | Reached XP level 1. HP: 12/12 MP: 2/2
   265 | D:1      | Reached XP level 2. HP: 17/17 MP: 1/3
   287 | D:1      | Learned a level 2 spell: Slow
   635 | D:1      | Reached XP level 3. HP: 16/23 MP: 4/4
  2124 | D:2      | Reached XP level 4. HP: 20/29 MP: 3/5
  2939 | D:2      | Found an opulent altar of Gozag.
  3798 | D:3      | Reached XP level 5. HP: 32/34 MP: 6/6
  3818 | D:3      | Reached skill level 1 in Shields
  4082 | D:3      | Upgraded the game from 0.25-a0-1073-gf4359a17dd to
                  | 0.25-a0-1079-g858b6a6ff6
  5013 | D:3      | Found a sparkling altar of Nemelex Xobeh.
  5114 | D:4      | Noticed Ijyb
  5137 | D:4      | Noticed Grinder
  5182 | D:4      | Reached XP level 6. HP: 15/39 MP: 5/7
  5512 | D:4      | Found a runed translucent door.
  5513 | D:4      | Noticed Crazy Yiuf
  5936 | D:4      | Paralysed by Grinder for 6 turns
  5945 | D:4      | Gained mutation: You have an increased reservoir of magic.
                  | (+10% MP) [potion of mutation]
  5945 | D:4      | Gained mutation: You are agile. (Dex +2) [potion of
                  | mutation]
  5949 | D:4      | Paralysed by Grinder for 6 turns
  5953 | D:4      | HP: 2/58 [Grinder (5)]
  5968 | D:4      | Paralysed by Grinder for 5 turns
  5975 | D:4      | Slain by Grinder

Illustrated notes

Levels and vault maps discovered:
D:1:      mushboom_english_gardens, layout_rooms, serial_forest,
          infiniplex_forest_clump_tiny, infiniplex_forest_zigzag_2,
          infiniplex_forest_lined_3_way, infiniplex_forest_clump_cross,
          infiniplex_forest_clump_cross, infiniplex_forest_clump_double,
          infiniplex_forest_straight_1, infiniplex_forest_clump_double,
          minmay_misc_feat_rugged, chequers_serial_rivers_micro_d
D:2:      layout_loops_cross, overflow_temple_1_default
D:3:      layout_basic, lemuel_coloured_pillars_altar, first_ration
D:4:      layout_loops_cross, xom_teletrap_fun, uniq_ijyb,
          uniq_crazy_yiuf_cottage, uniq_grinder

Skill      XL: |  1  2  3  4  5  6 |
---------------+-------------------+-----
Fighting       | 2 3 4 |  4.6
Shields        | 2 4 |  4.0
Crossbows      | |  2.4
Dodging        | |  2.4
Spellcasting   | |  1.1
Hexes          | |  3.0

Action                   |  1- 3 |  4- 6 || total
-------------------------+-------+-------++-------
Melee: Dagger            |   146 |   109 ||   255
       Hand axe          |       |    66 ||    66
 Fire: Hand crossbow     |    39 |    44 ||    83
Throw: Boomerang         |       |     1 ||     1
 Cast: Corona            |    22 |    16 ||    38
       Slow              |       |     1 ||     1
  Use: Scroll            |       |     2 ||     2
       Potion            |       |     7 ||     7
  Eat: Chunk             |    13 |    12 ||    25
Armor: Robe              |    32 |    10 ||    42
       Leather armour    |       |    31 ||    31
       Skin              |       |    15 ||    15
Dodge: Dodged            |   155 |   158 ||   313

Table legend:
 A = Non-vault XP
 B = Vault XP
 C = Vault XP percentage of total XP
 D = Non-vault monster count
 E = Vault monster count
 F = Vault count percentage of total count
                 A         B        C        D         E       F
            +---------+---------+-------+---------+---------+-------
      Total |     505 |       0 |   0.0 |      95 |       0 |   0.0
            +---------+---------+-------+---------+---------+-------
        D:1 |      69 |       0 |   0.0 |      37 |       0 |   0.0
        D:2 |      55 |       0 |   0.0 |      23 |       0 |   0.0
        D:3 |     129 |       0 |   0.0 |      27 |       0 |   0.0
        D:4 |     252 |       0 |   0.0 |       8 |       0 |   0.0
            +---------+---------+-------+---------+---------+-------
